 Dungeon Crawl Stone Soup version 0.29.1-1-gd02db6906a (webtiles) character file.

Game seed: 13299276179725736072

4809 LustLizard the Carver (level 10, -4/87 HPs)
             Began as a Demonspawn Gladiator on Oct 20, 2022.
             Was an Initiate of Okawaru.
             Slain by a polar bear (19 damage)
             ... on level 8 of the Dungeon.
             The game lasted 00:19:15 (12004 turns).

LustLizard the Carver (Demonspawn Gladiator)       Turns: 12004, Time: 00:19:16

Health: -4/87      AC: 17    Str: 15    XL:     10   Next: 24%
Magic:  10/10      EV:  6    Int: 15    God:    Okawaru [......]
Gold:   118        SH:  4    Dex: 19    Spells: 9/9 levels left

rFire   . . .      SeeInvis .   a - +0 long sword
rCold   . . .      Faith    .   x - +0 buckler
rNeg    . . .      Spirit   .   i - +0 chain mail
rPois   .          Reflect  .   c - +0 helmet
rElec   .          Harm     .   y - +0 cloak
rCorr   .          Rampage  .   (no gloves)
Will    .....                   (no boots)
Stlth   ..........              I - amulet of regeneration
HPRegen 1.04/turn               D - +6 ring of intelligence
MPRegen 0.12/turn               K - +4 ring of protection

@: hasted, very quick
A: rugged brown scales 3, (demonic guardian 1), weakness stinger 1
a: Renounce Religion


You were on level 8 of the Dungeon.
You worshipped Okawaru.
Okawaru was noncommittal.
You visited 2 branches of the dungeon, and saw 9 of its levels.

You collected 378 gold pieces.
You spent 260 gold pieces at shops.

Inventory:

Hand Weapons
 a - a +0 long sword (weapon)
 N - a +2 war axe of flaming
Missiles
 d - a throwing net
 e - 6 javelins
 n - 4 stones (quivered)
 r - 11 poisoned darts
 E - 5 boomerangs
Armour
 b - a +0 leather armour
 c - a +0 helmet (worn)
 i - a +0 chain mail (worn)
 o - a +1 scale mail of willpower
 x - a +0 buckler (worn)
 y - a +0 cloak (worn)
 G - the +6 leather armour "Yleutit" {rPois Regen+ Dex-4 SInv}
   (You found it on level 6 of the Dungeon)

   Dex:       It affects your dexterity (-4).
   rPois:     It protects you from poison.
   SInv:      It lets you see invisible.
   Regen:     It increases your rate of health regeneration.
 M - +0 acid dragon scales
Jewellery
 D - a +6 ring of intelligence (left hand)
 I - an amulet of regeneration (around neck)
 K - a +4 ring of protection (right hand)
Wands
 F - a wand of flame (23)
Scrolls
 f - 3 scrolls of fear {unknown}
 g - a scroll of butterflies {unknown}
 m - 3 scrolls of immolation {unknown}
 t - a scroll of amnesia {unknown}
 u - a scroll of brand weapon {unknown}
 v - 2 scrolls of teleportation
 w - 2 scrolls of magic mapping
 C - 2 scrolls of noise
 L - 2 scrolls of enchant armour {unknown}
Potions
 h - a potion of ambrosia
 k - 2 potions of mutation
 l - 6 potions of curing
 p - 3 potions of lignification
 q - 3 potions of degeneration
 z - a potion of flight
 A - 2 potions of haste
 B - a potion of resistance
 H - a potion of cancellation
 J - a potion of might


   Skills:
 + Level 8.6 Fighting
 * Level 11.2 Long Blades
 - Level 4.0 Throwing
 - Level 2.6 Dodging
 * Level 1.9 Evocations


You had 9 spell levels left.
You didn't know any spells.
Your spell library contained the following spells:

 Spells                   Type           Power      Damage    Failure   Level
 Magic Dart               Conj           0%         1d3       100%        1
 Poisonous Vapours        Pois/Air       0%         N/A       100%        2
 Searing Ray              Conj           0%         2d4       100%        2
 Sublimation of Blood     Necr           0%         N/A       100%        2
 Wereblood                Tmut           0%         N/A       100%        2
 Ignite Poison            Fire/Tmut/Pois 0%         N/A       100%        3
 Mephitic Cloud           Conj/Pois/Air  0%         N/A       100%        3
 Corpse Rot               Necr/Pois/Air  0%         N/A       100%        4
 Fulminant Prism          Conj/Hex       0%         3d6       100%        4
 Freezing Cloud           Conj/Ice/Air   0%         6-21      100%        5
 Conjure Ball Lightning   Conj/Air       0%         3x3d6     100%        6
 Discord                  Hex            0%         N/A       100%        8
 Disjunction              Tloc           0%         N/A       100%        8
 Summon Hydra             Summ           Unusable   N/A       N/A         7

Dungeon Overview and Level Annotations

Branches:
Dungeon (8/15)             Temple (1/1) D:7
   Lair: D:8-11

Altars:
Ashenzari
Cheibriados
Dithmenos
Fedhas
Gozag
Hepliaklqana
Kikubaaqudgha
Makhleb
Nemelex Xobeh
Okawaru
Qazlal
Ru
Sif Muna
Trog
Uskayaw
Vehumet
Wu Jian
Xom
Yredelemnul

Shops:
D:1 !


Innate Abilities, Weirdness & Mutations

You are completely covered in rugged brown scales. (AC +3, +7% HP)
((A weak demonic guardian rushes to your aid.))
You have a small tail.


Message History

The orc priest miscasts a cantrip.
The polar bear goes berserk!
You hit the polar bear but do no damage.
You tail-slap the polar bear, but do no damage.
The polar bear is severely wounded.
The polar bear bites you.
* * * LOW HITPOINT WARNING * * *
The polar bear claws you.
* * * LOW HITPOINT WARNING * * *
The polar bear claws you but does no damage.
You hit the polar bear but do no damage.
The polar bear is severely wounded.
The polar bear bites you!
* * * LOW HITPOINT WARNING * * *
The polar bear claws you but does no damage.
The polar bear claws you.
* * * LOW HITPOINT WARNING * * *
The polar bear barely misses you. x2
The polar bear claws you but does no damage.
Okay, then.
Okay, then.
You feel yourself speed up. The polar bear closely misses you.
The polar bear barely misses you. You block the polar bear's attack.
The polar bear rages.
The polar bear rages.
The polar bear attacks as you move away!
The polar bear bites you but does no damage.
The polar bear claws you but does no damage.
The polar bear barely misses you.
The polar bear attacks as you move away!
The polar bear bites you but does no damage.
The polar bear claws you but does no damage.
The polar bear claws you.
* * * LOW HITPOINT WARNING * * *
The polar bear attacks as you move away!
The polar bear bites you but does no damage.
The polar bear claws you but does no damage. x2
The polar bear attacks as you move away!
The polar bear bites you!!
You die...

######## ######......#
#...##.####.#
###############...##.####.###
####.o.........h@.............>#
#......#######.......##.####.#.#
.......# #......###.# .......#
#......# #.# .......# ##..####
#.# #..[...# ##.# #.# .......#
#.# #.# .......# #.######'##
....#### ..........#


You could see a polar bear (berserk).

Vanquished Creatures
  A two-headed ogre (D:7)
  Maggie (D:7)
  A polar bear (D:8)
  Grinder (D:3)
  A yak (D:8)
  A steam dragon (D:6)
  An acid dragon (D:8)
  Duvessa (D:7)
  A black bear (D:7)
  An orc warrior (D:7)
  A sky beast (D:6)
  5 ice beasts
  A centaur (D:8)
  Blork the orc (D:6)
  4 bullfrogs
  A necrophage (D:6)
  5 scorpions
  4 wights
  Dowan (D:7)
  2 howler monkeys
  4 jellies
  A wyvern simulacrum (D:8)
  An orc priest (D:7)
  5 hounds
  Crazy Yiuf (D:5)
  7 orc wizards
  5 iguanas
  6 gnolls
  10 adders
  A shadow imp (D:5)
  A white imp (D:8)
  3 ufetubi
  2 worms
  3 dart slugs
  35 orcs
  6 ball pythons
  11 bats
  9 endoplasms
  4 giant cockroaches
  5 goblins
  8 hobgoblins
  4 quokkas
  8 frilled lizards
  5 kobolds
  3 rats
183 creatures vanquished.

Vanquished Creatures (collateral kills)
  2 ogres
  A wight (D:6)
  An iguana (D:5)
  2 orcs
  A quokka (D:2)
7 creatures vanquished.

Vanquished Creatures (others)
  A wyvern simulacrum (D:8)
  2 plants (D:7)
3 creatures vanquished.

Grand Total: 193 creatures vanquished

Notes
Turn   | Place    | Note
-------+----------+-------------------------------------------
     0 | D:1      | LustLizard the Demonspawn Gladiator began the quest for the
                  | Orb.
     0 | D:1      | Reached XP level 1. HP: 16/16 MP: 1/1
   347 | D:1      | Found Xutaybb's Distillery.
   506 | D:1      | Gained mutation: A weak demonic guardian rushes to your
                  | aid. [demonic ancestry]
   506 | D:1      | Reached XP level 2. HP: 22/22 MP: 2/2
   583 | D:1      | Reached skill level 3 in Long Blades
   643 | D:1      | Found a faded altar of an unknown god.
  1507 | D:2      | Gained mutation: You are partially covered in rugged brown
                  | scales. (AC +1, +3% HP) [demonic ancestry]
  1507 | D:2      | Reached XP level 3. HP: 23/28 MP: 3/3
  2147 | D:2      | Reached XP level 4. HP: 31/35 MP: 4/4
  2315 | D:2      | Found a shimmering altar of Xom.
  2913 | D:1      | Bought a potion of curing for 39 gold pieces
  2913 | D:1      | Bought a potion of degeneration for 13 gold pieces
  2958 | D:3      | Noticed Grinder
  2980 | D:3      | Paralysed by Grinder for 5 turns
  3005 | D:3      | Killed Grinder
  3006 | D:3      | Reached skill level 4 in Long Blades
  3006 | D:3      | Reached XP level 5. HP: 10/42 MP: 5/5
  3006 | D:3      | Gained mutation: You are mostly covered in rugged brown
                  | scales. (AC +2, +5% HP) [demonic ancestry]
  3006 | D:3      | Reached XP level 6. HP: 10/49 MP: 6/6
  3725 | D:3      | You fall into a shaft and drop 2 floors!
  3725 | D:5      | Entered Level 5 of the Dungeon
  4012 | D:5      | Reached skill level 5 in Long Blades
  4233 | D:5      | Noticed an ice beast
  4243 | D:5      | Gained mutation: You have a small tail. [demonic ancestry]
  4243 | D:5      | Reached XP level 7. HP: 34/56 MP: 7/7
  4818 | D:4      | Reached skill level 6 in Long Blades
  6110 | D:4      | Reached skill level 5 in Fighting
  6418 | D:4      | Found a shimmering blue altar of Sif Muna.
  6471 | D:5      | Found a runed translucent door.
  6472 | D:5      | Noticed Crazy Yiuf
  6573 | D:5      | Reached skill level 7 in Long Blades
  6573 | D:5      | Reached XP level 8. HP: 15/65 MP: 8/8
  7153 | D:5      | Killed Crazy Yiuf
  7251 | D:1      | Bought a potion of invisibility for 104 gold pieces
  7334 | D:6      | Noticed Blork the orc
  7347 | D:6      | Killed Blork the orc
  7956 | D:6      | Reached skill level 8 in Long Blades
  8805 | D:6      | Gained mutation: You are completely covered in rugged brown
                  | scales. (AC +3, +7% HP) [demonic ancestry]
  8805 | D:6      | Reached XP level 9. HP: 68/75 MP: 9/9
  9011 | D:6      | Reached skill level 9 in Long Blades
  9175 | D:6      | Identified the +6 leather armour "Yleutit" {rPois Regen+
                  | Dex-4 SInv}
  9630 | D:1      | Bought a potion of cancellation for 104 gold pieces
 10006 | D:7      | Noticed a two-headed ogre
 10206 | D:7      | Noticed Duvessa
 10206 | D:7      | Noticed Dowan
 10406 | D:7      | Killed Duvessa
 10423 | D:7      | Killed Dowan
 10865 | D:7      | Found a staircase to the Ecumenical Temple.
 10926 | Temple   | Entered the Ecumenical Temple
 11158 | D:7      | Noticed Maggie
 11186 | D:7      | Killed Maggie
 11187 | D:7      | Reached skill level 10 in Long Blades
 11437 | D:7      | Killed a two-headed ogre
 11438 | D:7      | Reached XP level 10. HP: 85/85 MP: 10/10
 11658 | D:8      | Reached skill level 11 in Long Blades
 11775 | D:8      | Found an iron altar of Okawaru.
 11784 | D:8      | Became a worshipper of Warmaster Okawaru
 11917 | D:8      | Reached skill level 1 in Evocations
 11978 | D:8      | HP: 3/87 [orc priest/divine providence (14)]
 11983 | D:8      | HP: 3/87 [polar bear (2)]
 12004 | D:8      | Slain by a polar bear

Illustrated notes

Levels and vault maps discovered:
D:1:      nzn_arrival_depleted_hourglass, layout_basic,
          ebering_ecumenical_altar_sacrificial, serial_shops,
          nicolae_square_shop, minmay_liquid_box
D:2:      layout_loops_ring, basic_altar
D:3:      layout_basic, kennysheep_donut, chequers_arboretum, uniq_grinder
D:4:      layout_cave_pods, mainiacjoe_overflow_alcove_2, roderic_st_hans_cross
D:5:      layout_basic, st_stairs_8, uniq_crazy_yiuf_cottage
D:6:      layout_basic, minmay_misc_feat_diagonals, nicolae_fountain_basement,
          uniq_blork_the_orc
D:7:      layout_layer_cave, minmay_temple_entry_enclosed_plants, uniq_duvessa,
          uniq_maggie
D:8:      layout_basic, overflow_temple_1_default, serial_ice, serial_ice_o,
          serial_ice_e, serial_ice_h, serial_ice_c, uniq_prince_ribbit1
Temple:   nicolae_temple_bog_church

Skill      XL: |  1  2  3  4  5  6  7  8  9 10 |
---------------+-------------------------------+-----
Throwing       | 2 3 4 |  4.0
Long Blades    | 3 4 5 7 8 10 11 | 11.2
Fighting       | 3 4 5 6 8 |  8.6
Evocations     | 1 |  1.9
Dodging        | |  2.6

Action                   |  1- 3 |  4- 6 |  7- 9 | 10-12 || total
-------------------------+-------+-------+-------+-------++-------
Melee: Long sword        |    99 |    98 |   465 |   113 ||   775
       Punch             |     1 |     1 |     3 |       ||     5
       Tailslap          |       |       |    73 |    29 ||   102
Throw: Stone             |     9 |     1 |    45 |     6 ||    61
       Throwing net      |       |     1 |     1 |       ||     2
       Dart              |       |       |    22 |     3 ||    25
Evoke: Wand              |       |       |     4 |       ||     4
  Use: Scroll            |       |     3 |     7 |     1 ||    11
       Potion            |       |       |       |     4 ||     4
 Stab: Sleeping          |     1 |       |       |       ||     1
       Held in net/web   |       |       |     3 |       ||     3
       Invisible         |       |       |       |     8 ||     8
Armor: Leather armour    |     8 |       |       |       ||     8
       Chain mail        |    56 |    60 |   314 |   101 ||   531
Dodge: Dodged            |    41 |    43 |   128 |    36 ||   248
Block: Buckler           |       |       |    41 |    28 ||    69
